 Dungeon Crawl Stone Soup version 0.29.1-15-g9cfb28693d (webtiles) character file.

Game seed: 16201453507035187258

837 AppTheSpectato the Shooter (level 7, -5/56 HPs)
             Began as a Minotaur Hunter on Feb 27, 2023.
             Was a Follower of Nemelex Xobeh.
             Shot with an arrow by a centaur (10 damage)
             ... on level 7 of the Dungeon.
             The game lasted 00:41:41 (5707 turns).

AppTheSpectato the Shooter (Minotaur Hunter)        Turns: 5707, Time: 00:41:42

Health: -5/56      AC:  9    Str: 15    XL:     7   Next: 66%
Magic:  6/6        EV: 23    Int:  6    God:    Nemelex Xobeh [*.....]
Gold:   395        SH:  0    Dex: 16    Spells: 6/6 levels left

rFire   x . .      SeeInvis .   a - +2 shortbow
rCold   + . .      Faith    .   (shield currently unavailable)
rNeg    . . .      Spirit   .   g - +0 chain mail
rPois   .          Reflect  .   (helmet restricted)
rElec   .          Harm     .   (no cloak)
rCorr   .          Rampage  .   (no gloves)
Will    .....                   d - +0 pair of boots
Stlth   ..........              j - amulet of the acrobat
HPRegen 0.18/turn               z - ring of ice
MPRegen 0.10/turn               (no ring)

@: acrobatic
A: horns 2, retaliatory headbutt
a: Renounce Religion, Draw Escape, Draw Destruction, Draw Summoning


You were on level 7 of the Dungeon.
You worshipped Nemelex Xobeh.
Nemelex Xobeh was aware of your devotion.
You visited 2 branches of the dungeon, and saw 9 of its levels.

You collected 395 gold pieces.

Inventory:

Hand Weapons
 a - a +2 shortbow (weapon)
 x - a +2 spear of venom
Armour
 d - a +0 pair of boots (worn)
 g - a +0 chain mail (worn)
Jewellery
 j - an amulet of the acrobat (around neck)
 l - an amulet of guardian spirit
 z - a ring of ice (left hand)
Wands
 k - a wand of mindburst (4)
 r - a wand of paralysis (5)
 t - a wand of acid (10)
Scrolls
 b - a scroll of poison {unknown}
 e - a scroll of teleportation
 i - a scroll of vulnerability
 p - a scroll of blinking {unknown}
 q - a scroll of butterflies {unknown}
 y - a scroll of noise {unknown}
Potions
 c - 2 potions of might
 f - 2 potions of flight
 h - a potion of experience {unknown}
 m - a potion of attraction {unknown}
 n - 3 potions of curing
 o - a potion of degeneration
 s - a potion of brilliance {unknown}
 u - a potion of magic
 v - a potion of lignification
 w - a potion of cancellation {unknown}
 A - 2 potions of mutation {unknown}


   Skills:
 - Level 2.6 Fighting
 * Level 7.5 Ranged Weapons
 + Level 5.5 Dodging
 + Level 4.2 Stealth


You had 6 spell levels left.
You didn't know any spells.
Your spell library contained the following spells:

 Spells                   Type           Power      Damage    Failure   Level
 Beastly Appendage        Tmut           0%         N/A       100%        1
 Slow                     Hex            0%         N/A       100%        1
 Sting                    Tmut/Pois      0%         1d3       100%        1
 Poisonous Vapours        Pois/Air       0%         N/A       100%        2
 Wereblood                Tmut           0%         N/A       100%        2
 Confusing Touch          Hex            0%         N/A       100%        3
 Spider Form              Tmut/Pois      0%         N/A       100%        3
 Vampiric Draining        Necr           0%         2d6       100%        3
 Olgreb's Toxic Radiance  Pois           0%         N/A       100%        4
 Freezing Cloud           Conj/Ice/Air   0%         6-21      100%        5
 Simulacrum               Ice/Necr       0%         N/A       100%        6
 Polar Vortex             Ice            0%         N/A       100%        9


Dungeon Overview and Level Annotations

Branches:
Dungeon (8/15)             Temple (1/1) D:5
   Lair: D:8-11

Altars:
Ashenzari
Cheibriados
Dithmenos
Elyvilon
Fedhas
Gozag
Hepliaklqana
Kikubaaqudgha
Makhleb
Nemelex Xobeh
Ru
Wu Jian
Xom
Yredelemnul
The Shining One


Innate Abilities, Weirdness & Mutations

You have a pair of horns on your head.
You reflexively headbutt those who attack you in melee.


Message History

The centaur shouts!
The centaur wields a +0 shortbow.
The centaur shoots an arrow.
The arrow hits you but does no damage.
Found a ring mail.
There is a stone staircase leading down here.
The centaur shoots an arrow.
The arrow hits you!
Found 11 gold pieces.
The centaur shoots an arrow.
The arrow completely misses you.
The centaur shoots an arrow.
The arrow hits you but does no damage.
The centaur shoots an arrow.
The arrow hits you.
The centaur shoots an arrow.
The arrow barely misses you.
The centaur shoots an arrow.
The arrow closely misses you.
The centaur shoots an arrow.
The arrow barely misses you.
Found 3 stones.
The centaur shoots an arrow.
The arrow barely misses you.
Found 13 gold pieces.
The centaur shoots an arrow.
The arrow closely misses you.
The centaur shoots an arrow.
The arrow completely misses you.
The centaur shoots an arrow.
The arrow completely misses you.
The centaur shoots an arrow.
The arrow hits you!
The centaur shoots an arrow.
The arrow barely misses you.
The centaur shoots an arrow.
The arrow barely misses you.
The centaur shoots an arrow.
The arrow completely misses you.
The centaur shoots an arrow.
The arrow hits you.
The centaur shoots an arrow.
The arrow misses you.
You see here 13 gold pieces.
The centaur shoots an arrow.
The arrow completely misses you.
The centaur shoots an arrow.
The arrow barely misses you.
The centaur shoots an arrow.
The arrow closely misses you.
The centaur shoots an arrow.
The arrow barely misses you.
The centaur shoots an arrow.
The arrow hits you!
The centaur shoots an arrow.
The arrow hits you!
* * * LOW HITPOINT WARNING * * *
Nemelex Xobeh deals you some cards!
You now have 2 escape cards, 2 destruction cards and 1 summoning card.
The centaur shoots an arrow.
The arrow hits you!
* * * LOW HITPOINT WARNING * * *
The centaur shoots an arrow.
The arrow hits you!
You die...
Your body glows slightly and disappears.

#.# #.. #.# #.# #.# #.#
#.# #.# ## #.# ##.## ..
#.####...#####
##.##.####....c.#...$.#
.......@.......$......#
.#####+#######+####...#
##..## #.... #.##.
#.##. +.... #.##. #(##.


You could see a centaur.

Vanquished Creatures
  Sigmund (D:5)
  Edmund (D:5)
  An ice beast (D:5)
  A black bear (D:4)
  A bullfrog (D:8)
  A necrophage (D:5)
  A scorpion (D:4)
  An orc priest (D:4)
  A hound (D:5)
  Terence (D:2)
  3 adders
  3 ufetubi
  A dart slug (D:1)
  6 orcs
  6 endoplasms
  4 giant cockroaches
  5 goblins
  3 hobgoblins
  3 jackals (D:2)
  3 quokkas
  6 ball pythons
  3 bats
  3 frilled lizards
  5 kobolds
  7 rats
71 creatures vanquished.

Notes
Turn   | Place    | Note
-------+----------+-------------------------------------------
     0 | D:1      | AppTheSpectato the Minotaur Hunter began the quest for the
                  | Orb.
     0 | D:1      | Reached XP level 1. HP: 18/18 MP: 0/0
    75 | D:1      | Reached skill level 1 in Stealth
   101 | D:1      | Reached XP level 2. HP: 19/25 MP: 1/1
   342 | D:1      | Found a faded altar of an unknown god.
   755 | D:2      | Reached XP level 3. HP: 30/30 MP: 2/2
  1620 | D:3      | Found a glowing golden altar of the Shining One.
  1632 | D:3      | Noticed Terence
  1668 | D:2      | Killed Terence
  1669 | D:2      | Reached skill level 5 in Ranged Weapons
  1669 | D:2      | Reached XP level 4. HP: 8/37 MP: 3/3
  2317 | D:4      | Noticed a scorpion
  2329 | D:4      | Killed a scorpion
  2330 | D:4      | Reached XP level 5. HP: 42/42 MP: 4/4
  2527 | D:4      | Noticed a black bear
  2879 | D:4      | Killed a black bear
  2880 | D:4      | Reached XP level 6. HP: 11/50 MP: 5/5
  3183 | D:5      | Entered Level 5 of the Dungeon
  3216 | D:5      | Found a staircase to the Ecumenical Temple.
  3240 | Temple   | Entered the Ecumenical Temple
  3358 | Temple   | Became a worshipper of Nemelex Xobeh the Trickster
  3489 | D:5      | Noticed Edmund
  3490 | D:5      | Noticed Sigmund
  3500 | D:5      | Killed Edmund
  3501 | D:5      | Reached skill level 6 in Ranged Weapons
  3505 | D:5      | Killed Sigmund
  3506 | D:5      | Reached skill level 5 in Dodging
  3506 | D:5      | Reached XP level 7. HP: 47/56 MP: 6/6
  3809 | D:5      | Reached skill level 7 in Ranged Weapons
  3907 | D:5      | HP: 2/56 [ice beast (5)]
  4347 | D:5      | Reached * piety under Nemelex Xobeh
  4667 | D:6      | You fall into a shaft and drop 2 floors!
  4732 | D:8      | HP: 2/56 [orc warrior/bolt (22)]
  5706 | D:7      | Received a gift from Nemelex Xobeh
  5707 | D:7      | Shot with an arrow by a centaur

Illustrated notes

Levels and vault maps discovered:
D:1:      doesnt_arrival_eight_statues, layout_rooms,
          dreamdust_ecumenical_altar_angels_and_demons
D:2:      layout_basic
D:3:      layout_basic, mainiacjoe_overflow_small_starburst, serial_park_tiny_1,
          wad_floor_pattern_1, uniq_terence
D:4:      layout_rooms
D:5:      layout_layer_cave, minmay_temple_entry_waves, sigmund_edmund_badplayer
D:6:      gammafunk_steamed_eel, layout_rooms,
          lightli_ossuary_entry_decrepit_ruins, uniq_grinder
D:7:      layout_loops_ring, chequers_temple_overflow_statue_of_worship,
          chequers_serial_rivers_large_b, minmay_quadrilaterals
D:8:      minmay_general_purpose_star, layout_loops_corners,
          kennysheep_little_box, serial_shops, nicolae_lakefront_shop,
          grunt_decor_fettered, uniq_grum
Temple:   compressed_dpeg_circular_temple

Skill      XL: |  1  2  3  4  5  6  7 |
---------------+----------------------+-----
Stealth        | 1 2 3 4 |  4.2
Dodging        | 3 4 5 |  5.5
Ranged Weapons | 5 6 7 |  7.5
Fighting       | |  2.6

Action                   |  1- 3 |  4- 6 |  7- 9 || total
-------------------------+-------+-------+-------++-------
Melee: Rapier            |     9 |       |       ||     9
       Shortbow          |     1 |       |       ||     1
       Spear             |       |       |     7 ||     7
       Headbutt          |       |       |     3 ||     3
 Fire: Shortbow          |   104 |    62 |    20 ||   186
Evoke: Wand              |     1 |     7 |       ||     8
  Use: Scroll            |     5 |     9 |     2 ||    16
       Potion            |     2 |       |     3 ||     5
Armor: Chain mail        |    27 |    36 |    22 ||    85
       Leather armour    |     5 |       |       ||     5
Dodge: Dodged            |    37 |    37 |    52 ||   126
